PIO (24 & UNDER)
EAU CLAIRE ESQUIRES @ SALEM SLEDGEHAMMERS
08/08/2026
 
TOP OF THE 1ST
Eau Claire Esquires batting - Pitching for Salem Sledgehammers : RHP Guillermo Martínez
Pitching: RHP Guillermo Martínez
Batting: SHB Álex Hernández 0-0: Called Strike
0-1: Foul Ball, location: 2F
0-2: Strikes out looking
Batting: LHB Johnny Foley 0-0: Foul Ball, location: 2F
0-1: Ball
1-1: Foul Ball, location: 2F
1-2: Ball
2-2: Strikes out swinging
Batting: RHB Terry Perkins 0-0: Called Strike
0-1: Called Strike
0-2: Strikes out looking
Top of the 1st over - 0 run(s), 0 hit(s), 0 error(s), 0 left on base; Eau Claire 0 - Salem 0
BOTTOM OF THE 1ST
Salem Sledgehammers batting - Pitching for Eau Claire Esquires : RHP Domingo León
Pitching: RHP Domingo León
Batting: RHB Gilberto Silva 0-0: Ball
1-0: Ball
2-0: Ground out 4-3 (Groundball, 4)
Batting: LHB José Rivera 0-0: SINGLE (Line Drive, 9S)
Batting: LHB Nathan Frey 0-0: Ball
1-0: Ball
José Rivera steals 2nd base
2-0: Ball
3-0: Called Strike
3-1: Foul Ball, location: 2F
3-2: Base on Balls
Batting: SHB Enrique Uribe 0-0: Ball
José Rivera steals 3rd base
Nathan Frey to second
1-0: Swinging Strike
1-1: Swinging Strike
1-2: Strikes out swinging
Batting: RHB Bobby Miller 0-0: Ball
1-0: Called Strike
1-1: Foul Ball, location: 2F
1-2: Ball
2-2: Ball
3-2: DOUBLE (Groundball, 5L)
José Rivera scores
Nathan Frey scores
Batting: RHB Marc Ploughman 0-0: Ball
Throwing error on steal attempt, E2
Bobby Miller scores
1-0: Swinging Strike
1-1: Foul Ball, location: 2F
1-2: Ball
2-2: Ball
3-2: Foul Ball, location: 2F
3-2: Base on Balls
Batting: RHB Patrick Daniels 0-0: Ball
1-0: Ball
2-0: Called Strike
2-1: Foul Ball, location: 2F
2-2: Ground out 6-3 (Groundball, 4MS)
Bottom of the 1st over - 3 run(s), 2 hit(s), 1 error(s), 1 left on base; Eau Claire 0 - Salem 3
TOP OF THE 2ND
Eau Claire Esquires batting - Pitching for Salem Sledgehammers : RHP Guillermo Martínez
Batting: RHB Félix Gonzáles 0-0: Hit by Pitch
Batting: RHB Jon Krohne 0-0: Called Strike
0-1: Ball
1-1: Ball
2-1: Fly out, F3 (Popup, 34)
Batting: RHB Nelson Castro 0-0: Called Strike
0-1: Ball
1-1: Swinging Strike
1-2: Strikes out swinging
Batting: RHB David Alonso 0-0: Ball
1-0: Ball
2-0: Ball
3-0: Base on Balls
Félix Gonzáles to second
Batting: RHB Luis Pérez 0-0: Ball
1-0: Ball
2-0: Called Strike
2-1: Foul Ball, location: 2F
2-2: Foul Ball, location: 2F
2-2: Foul Ball, location: 2F
2-2: Strikes out swinging
Top of the 2nd over - 0 run(s), 0 hit(s), 0 error(s), 2 left on base; Eau Claire 0 - Salem 3
BOTTOM OF THE 2ND
Salem Sledgehammers batting - Pitching for Eau Claire Esquires : RHP Domingo León
Batting: LHB Caleb Hall 0-0: Called Strike
0-1: Called Strike
0-2: Ball
1-2: Strikes out swinging
Batting: RHB Lakota O'Reilly 0-0: Ball
1-0: Ball
2-0: Called Strike
2-1: Ball
3-1: SINGLE (Line Drive, 3D)
Batting: RHB Gilberto Silva 0-0: Foul Ball, location: 2F
0-1: Ball
1-1: Ball
2-1: Swinging Strike
2-2: Strikes out swinging
Batting: LHB José Rivera 0-0: Ball
1-0: Ball
2-0: Swinging Strike
2-1: Foul Ball, location: 2F
2-2: Ball
3-2: SINGLE (Line Drive, 6D)
Lakota O'Reilly to second
Lakota O'Reilly to third
Batting: LHB Nathan Frey 0-0: Called Strike
0-1: Ball
1-1: Ball
2-1: Ball
3-1: SINGLE (Line Drive, 56D)
Lakota O'Reilly scores
José Rivera to second
Batting: SHB Enrique Uribe 0-0: Foul Ball, location: 2F
0-1: Ball
1-1: Fly out, F7 (Flyball, 7S)
Bottom of the 2nd over - 1 run(s), 3 hit(s), 0 error(s), 2 left on base; Eau Claire 0 - Salem 4
TOP OF THE 3RD
Eau Claire Esquires batting - Pitching for Salem Sledgehammers : RHP Guillermo Martínez
Batting: RHB Dave Anderson 0-0: Ball
1-0: Ball
2-0: Called Strike
2-1: Swinging Strike
2-2: Strikes out swinging
Batting: SHB Álex Hernández 0-0: Ball
1-0: SINGLE (Line Drive, 4MD)
Batting: LHB Johnny Foley 0-0: Ball
Álex Hernández steals 2nd base
1-0: SINGLE (Groundball, 34D)
Álex Hernández to third
Runner from 3rd tries for Home, SAFE, no throw or cutoff
Batting: RHB Terry Perkins 0-0: Ball
1-0: Ball
2-0: Ball
3-0: Called Strike
3-1: Called Strike
3-2: Strikes out looking
Batting: RHB Félix Gonzáles 0-0: Called Strike
0-1: Foul Ball, location: 2F
0-2: Ball
1-2: Ball
2-2: Fielders Choice at 2nd, 5-4 (Groundball, 56)
Top of the 3rd over - 1 run(s), 2 hit(s), 0 error(s), 0 left on base; Eau Claire 1 - Salem 4
BOTTOM OF THE 3RD
Salem Sledgehammers batting - Pitching for Eau Claire Esquires : RHP Domingo León
Batting: RHB Bobby Miller 0-0: Ball
1-0: Ground out 6-3 (Groundball, 6)
Batting: RHB Marc Ploughman 0-0: Swinging Strike
0-1: Ball
1-1: Fly out, F8 (Flyball, 8RD)
Batting: RHB Patrick Daniels 0-0: Called Strike
0-1: Fly out, F8 (Flyball, 8LM)
Bottom of the 3rd over - 0 run(s), 0 hit(s), 0 error(s), 0 left on base; Eau Claire 1 - Salem 4
TOP OF THE 4TH
Eau Claire Esquires batting - Pitching for Salem Sledgehammers : RHP Guillermo Martínez
Batting: RHB Jon Krohne 0-0: Ball
1-0: SINGLE (Groundball, 6MD)
Batting: RHB Nelson Castro 0-0: Ball
1-0: Called Strike
1-1: Ball
2-1: Ball
3-1: Foul Ball, location: 2F
3-2: Grounds into double play, 5-4-3 (Groundball, 56)
Batting: RHB David Alonso 0-0: Ball
1-0: Foul Ball, location: 2F
1-1: Ball
2-1: Called Strike
2-2: Fly out, F3 (Popup, 23F)
Top of the 4th over - 0 run(s), 1 hit(s), 0 error(s), 0 left on base; Eau Claire 1 - Salem 4
BOTTOM OF THE 4TH
Salem Sledgehammers batting - Pitching for Eau Claire Esquires : RHP Domingo León
Batting: LHB Caleb Hall 0-0: Ball
1-0: Ball
2-0: Called Strike
2-1: Swinging Strike
2-2: Ball
3-2: Base on Balls
Batting: RHB Lakota O'Reilly 0-0: Ball
1-0: Called Strike
1-1: Ball
2-1: Called Strike
2-2: Strikes out swinging
Batting: RHB Gilberto Silva 0-0: Ball
1-0: Foul Ball, location: 2F
1-1: Called Strike
1-2: Strikes out swinging
Batting: LHB José Rivera 0-0: SINGLE (Groundball, 4MD) (infield hit)
Caleb Hall to second
Batting: LHB Nathan Frey 0-0: Ball
1-0: Foul Ball, location: 2F
1-1: Fly out, F8 (Flyball, 8LXD)
Bottom of the 4th over - 0 run(s), 1 hit(s), 0 error(s), 2 left on base; Eau Claire 1 - Salem 4
TOP OF THE 5TH
Eau Claire Esquires batting - Pitching for Salem Sledgehammers : RHP Guillermo Martínez
Batting: RHB Luis Pérez 0-0: Called Strike
0-1: Swinging Strike
0-2: Strikes out swinging
Batting: RHB Dave Anderson 0-0: Ball
1-0: Foul Ball, location: 2F
1-1: Foul Ball, location: 2F
1-2: Ball
2-2: Strikes out swinging
Batting: SHB Álex Hernández 0-0: Fly out, F7 (Flyball, 7LS)
Top of the 5th over - 0 run(s), 0 hit(s), 0 error(s), 0 left on base; Eau Claire 1 - Salem 4
BOTTOM OF THE 5TH
Salem Sledgehammers batting - Pitching for Eau Claire Esquires : RHP Domingo León
Pitching: RHP Jerry Poole
Batting: SHB Enrique Uribe 0-0: Called Strike
0-1: SINGLE (Flyball, 4MD)
Batting: RHB Bobby Miller 0-0: Called Strike
0-1: Fly out, F8 (Flyball, 8RM)
Batting: RHB Marc Ploughman 0-0: Called Strike
0-1: Swinging Strike
0-2: Strikes out swinging
Batting: RHB Patrick Daniels 0-0: Ball
1-0: Foul Ball, location: 2F
1-1: Swinging Strike
1-2: Strikes out swinging
Bottom of the 5th over - 0 run(s), 1 hit(s), 0 error(s), 1 left on base; Eau Claire 1 - Salem 4
TOP OF THE 6TH
Eau Claire Esquires batting - Pitching for Salem Sledgehammers : RHP Guillermo Martínez
Batting: LHB Johnny Foley 0-0: Ball
1-0: DOUBLE (Flyball, 9LM)
Batting: RHB Terry Perkins 0-0: Ball
1-0: Called Strike
1-1: Ground out 6-3 (Groundball, 6M)
Johnny Foley to third
Batting: RHB Félix Gonzáles 0-0: Ground out 1-3 (Groundball, 13)
Batting: RHB Jon Krohne 0-0: Swinging Strike
0-1: Fly out, F4 (Popup, 4)
Top of the 6th over - 0 run(s), 1 hit(s), 0 error(s), 1 left on base; Eau Claire 1 - Salem 4
BOTTOM OF THE 6TH
Salem Sledgehammers batting - Pitching for Eau Claire Esquires : RHP Jerry Poole
Batting: LHB Caleb Hall 0-0: Ball
1-0: Called Strike
1-1: Foul Ball, location: 2F
1-2: Foul Ball, location: 2F
1-2: Ground out 1-3 (Groundball, 13)
Batting: RHB Lakota O'Reilly 0-0: Ball
1-0: SINGLE (Flyball, 9LS)
Batting: RHB Gilberto Silva 0-0: Ball
1-0: Ball
2-0: Ball
3-0: Called Strike
3-1: Called Strike
3-2: Fly out, F8 (Flyball, 8RXD)
Runner from 1st tags up, SAFE at 2nd
Batting: LHB José Rivera 0-0: Called Strike
0-1: Ball
1-1: Called Strike
1-2: Foul Ball, location: 2F
1-2: Fly out, F7 (Flyball, 78S)
Bottom of the 6th over - 0 run(s), 1 hit(s), 0 error(s), 1 left on base; Eau Claire 1 - Salem 4
TOP OF THE 7TH
Eau Claire Esquires batting - Pitching for Salem Sledgehammers : RHP Guillermo Martínez
Batting: RHB Nelson Castro 0-0: Called Strike
0-1: Swinging Strike
0-2: Strikes out swinging
Batting: RHB David Alonso 0-0: Called Strike
0-1: Ball
1-1: Foul Ball, location: 2F
1-2: Strikes out looking
Batting: RHB Luis Pérez 0-0: Ground out 4-3 (Groundball, 4MS)
Top of the 7th over - 0 run(s), 0 hit(s), 0 error(s), 0 left on base; Eau Claire 1 - Salem 4
BOTTOM OF THE 7TH
Salem Sledgehammers batting - Pitching for Eau Claire Esquires : RHP Jerry Poole
Pitching: RHP Robinson Alomar
Batting: LHB Nathan Frey 0-0: Fly out, F8 (Flyball, 8LM)
Batting: SHB Enrique Uribe 0-0: Ball
1-0: Ball
2-0: Ball
3-0: Called Strike
3-1: Base on Balls
Batting: RHB Bobby Miller 0-0: Ball
1-0: Called Strike
1-1: Reached on error, E5 (Groundball, 5L)
Enrique Uribe to second
Batting: RHB Marc Ploughman 0-0: Fly out, F9 (Flyball, 9S)
Batting: RHB Patrick Daniels 0-0: Ball
1-0: Ball
2-0: Foul Ball, location: 2F
2-1: Foul Ball, location: 2F
2-2: Strikes out swinging
Bottom of the 7th over - 0 run(s), 0 hit(s), 1 error(s), 2 left on base; Eau Claire 1 - Salem 4
TOP OF THE 8TH
Eau Claire Esquires batting - Pitching for Salem Sledgehammers : RHP Guillermo Martínez
Pitching: LHP Alberto Pagán
Batting: RHB Dave Anderson 0-0: Swinging Strike
0-1: Swinging Strike
0-2: Ground out 5-3 (Groundball, 5)
Batting: SHB Álex Hernández 0-0: Ball
1-0: Ball
2-0: Swinging Strike
2-1: Called Strike
2-2: Ball
3-2: Base on Balls
Batting: LHB Johnny Foley 0-0: Grounds into double play, 1-6-3 (Groundball, 13)
Top of the 8th over - 0 run(s), 0 hit(s), 0 error(s), 0 left on base; Eau Claire 1 - Salem 4
BOTTOM OF THE 8TH
Salem Sledgehammers batting - Pitching for Eau Claire Esquires : RHP Robinson Alomar
Batting: LHB Caleb Hall 0-0: Foul Ball, location: 2F
0-1: Ball
1-1: Ball
2-1: Foul Ball, location: 2F
2-2: Ground out 4-3 (Groundball, 4)
Batting: RHB Lakota O'Reilly 0-0: Called Strike
0-1: SINGLE (Groundball, 34)
Batting: RHB Gilberto Silva 0-0: Swinging Strike
0-1: Ground out 3-1 (Groundball, 34)
Lakota O'Reilly to second
Batting: LHB José Rivera 0-0: Called Strike
0-1: Ball
1-1: Foul Ball, location: 2F
1-2: Ball
2-2: Foul Ball, location: 2F
2-2: Ball
3-2: Foul Ball, location: 2F
3-2: Base on Balls
Batting: LHB Nathan Frey 0-0: Ball
1-0: Ball
2-0: Ball
3-0: Base on Balls
Lakota O'Reilly to third
José Rivera to second
Batting: SHB Enrique Uribe 0-0: Ground out 4-3 (Groundball, 34)
Bottom of the 8th over - 0 run(s), 1 hit(s), 0 error(s), 3 left on base; Eau Claire 1 - Salem 4
TOP OF THE 9TH
Eau Claire Esquires batting - Pitching for Salem Sledgehammers : LHP Alberto Pagán
Pitching: RHP Norberto Deleón
Batting: RHB Terry Perkins 0-0: Ball
1-0: Called Strike
1-1: Ball
2-1: Ball
3-1: Foul Ball, location: 2F
3-2: Strikes out looking
Batting: RHB Félix Gonzáles 0-0: Called Strike
0-1: Swinging Strike
0-2: Ball
1-2: Ball
2-2: Foul Ball, location: 2F
2-2: Strikes out swinging
Batting: RHB Jon Krohne 0-0: Ball
1-0: Ball
2-0: Ball
3-0: Base on Balls
Batting: RHB Nelson Castro 0-0: Ball
1-0: Ball
2-0: Ball
3-0: Called Strike
3-1: Foul Ball, location: 2F
3-2: Base on Balls
Jon Krohne to second
Batting: RHB David Alonso 0-0: Ball
1-0: Called Strike
1-1: Fly out, F9 (Line Drive, 89M)
Top of the 9th over - 0 run(s), 0 hit(s), 0 error(s), 2 left on base; Eau Claire 1 - Salem 4
Monday, December 5th, 2016 - OOTP Baseball 17.12 Build 75